AoeStats
← Boris the Beast

Black Forest

510127591Analyzed
2v2 RM · 2d ago on Sep 29, 2026· 70m 40s· 4 players
Game mode
Random Map
Map size
Medium (4 player)
Population
200
Speed
Normal
Resources
Standard
Victory
Conquest
Starting age
Dark Age
Ending age
Imperial Age
RankedLock teamsTeams togetherTeam positionsShared explorationLock speedFull tech treeHidden civsTurbo modeCheats
Victory
Defeat
🇩🇪 Bohemians · Germany
1015
+14
🇩🇪 Khmer · Germany
998
+14
🇨🇴 Ethiopians · Colombia
967
-14
🇨🇴 Turks · Colombia
967
-14
Hades92
0:49 Loom
14:24 Feudal Age
18:08 Double-Bit Axe
20:44 Castle Age
20:40 Stone Mining
20:33 Horse Collar
20:45 Gold Mining
22:14 Gold Shaft Mining
22:16 Bow Saw
23:33 Wheelbarrow
26:02 Hand Cart
33:05 Imperial Age
36:46 Squires
38:02 Fletching
39:32 Bombard Tower
39:38 Ballistics
40:19 Caravan
44:01 Two-Man Saw
43:18 Town Watch
44:18 Town Patrol
46:42 Scale Mail Armor
46:54 Forging
51:31 Scale Barding Armor
52:02 Iron Casting
53:16 Bloodlines
53:34 Chain Barding Armor
53:59 Conscription
54:38 Artillery
65:23 Plate Barding Armor
Nick
0:29 Loom
12:36 Feudal Age
16:29 Castle Age
14:43 Double-Bit Axe
17:11 Gold Mining
17:50 Town Watch
17:40 Crossbowman
19:03 Fletching
19:55 Bodkin Arrow
20:27 Bow Saw
29:35 Scale Barding Armor
29:42 Forging
29:50 Horse Collar
32:04 Wheelbarrow
34:53 Imperial Age
32:52 Husbandry
33:12 Scale Barding Armor
33:51 Forging
34:19 Ballistics
34:24 Chain Barding Armor
35:22 Iron Casting
35:31 Heavy Plow
35:12 Heavy Camel Rider
38:37 Hand Cart
38:23 Onager
42:10 Blast Furnace
43:39 Arbalester
45:35 Thumb Ring
45:33 Bracer
46:36 Conscription
47:30 Chemistry
50:01 Padded Archer Armor
55:15 Halberdier
55:42 Arson
55:58 Squires
56:13 Royal Heirs
56:19 Torsion Engines
57:32 Light Cavalry
58:32 Hussar
Steve the Thief
0:44 Loom
12:44 Feudal Age
12:56 Feudal Age
15:06 Double-Bit Axe
17:46 Castle Age
15:50 Horse Collar
18:41 Bow Saw
20:53 Heavy Plow
21:25 Fervor
27:27 Imperial Age
26:09 Chemistry
25:49 Padded Archer Armor
27:10 Pikeman
29:08 Wheelbarrow
32:11 Leather Archer Armor
32:21 Hand Cart
35:39 Caravan
37:32 Elite Skirmisher
38:10 Houfnice
38:58 Siege Engineers
39:06 Masonry
40:19 Ring Archer Armor
39:50 Scale Mail Armor
40:00 Forging
39:49 Town Watch
42:20 Conscription
42:08 Wagenburg Tactics
44:05 Two-Man Saw
43:39 Squires
43:24 Arson
43:57 Chain Mail Armor
44:18 Iron Casting
43:33 Fletching
44:17 Architecture
43:52 Halberdier
50:54 Blast Furnace
50:24 Plate Mail Armor
49:49 Bodkin Arrow
52:08 Ballistics
52:09 Bombard Tower
51:34 Arrowslits
52:00 Fortified Wall
51:46 Murder Holes
51:22 Elite Hussite Wagon
60:56 Capped Ram
Boris the Beast
0:42 Loom
11:59 Feudal Age
12:31 Double-Bit Axe
13:17 Gold Mining
16:59 Castle Age
15:59 Horse Collar
19:18 Bow Saw
21:52 Scale Barding Armor
23:01 Forging
25:39 Husbandry
25:50 Bloodlines
26:03 Chain Barding Armor
30:19 Masonry
31:47 Iron Casting
33:03 Wheelbarrow
32:41 Fortified Wall
34:09 Tusk Swords
34:35 Hand Cart
34:22 Heavy Plow
35:05 Gold Shaft Mining
34:17 Town Watch
35:39 Town Patrol
41:50 Imperial Age
39:39 Caravan
40:16 Light Cavalry
42:34 Pikeman
46:41 Conscription
47:03 Ballistics
47:14 Architecture
47:23 Murder Holes
48:10 Crop Rotation
48:13 Stone Mining
49:58 Chemistry
51:16 Hoardings
51:08 Heavy Scorpion
53:12 Double Crossbow
53:57 Siege Engineers
55:18 Elite Battle Elephant
56:40 Plate Barding Armor
56:02 Halberdier
61:19 Blast Furnace
62:40 Hussar
Connection lost

Rejoining the realm…

Still unreachable

The connection could not be restored.

Session expired

The server has moved on; the page needs a fresh start.